 Dungeon Crawl Stone Soup version 0.17.1-3-g152610e (webtiles) character file.

131068 angZt the Nimble (level 16, -3/125 HPs)
             Began as a Demonspawn Abyssal Knight on Mar 11, 2016.
             Was an Elder of Lugonu.
             Slain by a snapping turtle (23 damage)
             ... on level 2 of the Shoals on Mar 16, 2016.
             The game lasted 07:21:29 (38891 turns).

angZt the Nimble (Demonspawn Abyssal Knight)       Turns: 38891, Time: 07:21:29

Health: -3/125     AC: 11    Str: 18    XL:     16   Next: 54%
Magic:  12/21      EV: 18    Int: 14    God:    Lugonu [****..]
Gold:   2648       SH:  0    Dex: 14    Spells: 3 memorised, 12 levels left

rFire  . . .     SeeInvis .     Q - +7 battleaxe "Siynat" {venom, *Rage rElec rC+}
rCold  + + .     Clarity  .     n - +0 mottled dragon armour {?}
rNeg   . . .     SustAt   .     (shield currently unavailable)
rPois  +         Gourm    .     (helmet unavailable)
rElec  +         Spirit   .     J - +0 cloak {rC+}
rCorr  .         Warding  .     w - +1 pair of gloves
rMut   .         Stasis   +     (no boots)
MR     +....                    H - amulet of stasis
Stlth  +++.......               C - +3 ring of evasion
                                O - ring of poison resistance

@: somewhat resistant to hostile enchantments, fairly stealthy
A: claws 2, hooves 1, horns 3, demonic guardian 2, spiny 3
a: Depart the Abyss, Bend Space, Banish, Corrupt, Renounce Religion


You were on level 2 of the Shoals.
You worshipped Lugonu.
Lugonu was greatly pleased with you.
You were hungry.

You visited 4 branches of the dungeon, and saw 29 of its levels.
You visited the Abyss 3 times.
You also visited: Ossuary and Ice Cave.

You collected 3474 gold pieces.
You spent 826 gold pieces at shops.

Inventory:

Hand Weapons
 l - a +4 demon trident of flaming
 Q - the +7 battleaxe "Siynat" (weapon) {venom, *Rage rElec rC+}
   (You found it on level 13 of the Dungeon)

   It poisons the flesh of those it strikes.
   It protects you from cold.
   It insulates you from electricity.
   It may make you go berserk in combat.
Missiles
 P - 21 tomahawks (quivered)
Armour
 n - a +0 mottled dragon armour (worn) {?}
 w - a +1 pair of gloves (worn)
 J - a +0 cloak of cold resistance (worn)
 L - a +1 buckler of poison resistance
Magical Staves
 s - an uncursed staff of power {unknown}
Jewellery
 a - a +2 ring of protection
 j - an uncursed ring of sustain attributes
 m - a +2 ring of strength {unknown}
 C - a +3 ring of evasion (right hand)
 H - an amulet of stasis (around neck)
 O - a ring of poison resistance (left hand)
Wands
 q - a wand of fireball (6)
 t - a wand of enslavement (5)
 A - a wand of digging (12)
 N - a wand of magic darts (15)
Scrolls
 d - 10 scrolls of identify
 e - a scroll of fear
 f - 5 scrolls of remove curse
 i - 4 scrolls of magic mapping
 y - 2 scrolls of recharging
 D - 3 scrolls of teleportation
 K - 3 scrolls of blinking
Potions
 b - a potion of heal wounds
 g - a potion of agility
 o - a potion of resistance
 r - 14 potions of curing
Books
 h - a book of the Earth

   Spells                             Type                      Level
   a - Leda's Liquefaction            Hexes/Earth                  4
   b - Bolt of Magma                  Conjuration/Fire/Earth       5
   c - Statue Form                    Transmutation/Earth          6
   d - Iron Shot                      Conjuration/Earth            6
   e - Shatter                        Earth                        9
Comestibles
 c - 10 bread rations
 k - 2 chunks of flesh
 u - a beef jerky


   Skills:
 + Level 11.3 Fighting
   Level 6.5 Short Blades
 + Level 6.7(9.0) Axes
 * Level 9.4(10.2) Polearms
 + Level 7.2 Throwing
 + Level 7.9 Armour
 + Level 14.8 Dodging
 + Level 6.3 Stealth
 + Level 11.2 Shields
 + Level 0.1 Spellcasting
 + Level 1.0 Conjurations
 + Level 0.1 Fire Magic
 + Level 7.2 Invocations
 + Level 1.2 Evocations


You had 12 spell levels left.
You knew the following spells:

 Your Spells              Type           Power        Failure   Level  Hunger
a - Flame Tongue          Conj/Fire      #....        30%         1    ##.....
b - Beastly Appendage     Trmt           #.....       38%         1    ##.....
c - Sting                 Conj/Pois      #...         30%         1    ##.....


Dungeon Overview and Level Annotations

Branches:
Dungeon (15/15)            Temple (0/1) D:7            Lair (8/8) D:10
 Shoals (2/4) Lair:6        Snake (0/4) Lair:6        Slime (0/6) Lair:7
    Orc (4/4) D:9             Elf (0/3) Orc:3        Vaults (0/5) D:13
 Depths (0/5) D:15

Altars:
Cheibriados
Dithmenos
Elyvilon
Fedhas
Gozag
Kikubaaqudgha
Nemelex Xobeh
Okawaru
Qazlal
Yredelemnul
Zin
The Shining One
Beogh

Shops:
D:6 ([!:   D:10 *:   D:15 (   Orc:4 [(*:

Portals:
Trove: D:13 (show slimy rune of Zot)


Innate Abilities, Weirdness & Mutations

You have very sharp fingernails.
You have large cloven feet.
You have a pair of large horns on your head.
A demonic guardian rushes to your aid.
You are completely covered in sharp spines.


Message History

Moving in this stuff is going to be slow.
The snapping turtle closely misses you.
The snapping turtle completely misses you.
The snapping turtle bites you from afar!
* * * LOW HITPOINT WARNING * * *
The snapping turtle bites you but does no damage.
Drink which item? (? for menu, Esc to quit)
You feel better. The snapping turtle closely misses you.
The snapping turtle bites you from afar.
* * * LOW HITPOINT WARNING * * *
Press: ? - help, Shift-Dir - straight line, f - snapping turtle
Aim: a snapping turtle (chance to defeat MR: 66%)
The snapping turtle struggles to resist.
You are feeling hungry.
The snapping turtle barely misses you.
The snapping turtle bites you from afar!
* * * LOW HITPOINT WARNING * * *
There is an escape hatch in the floor, spattered with blood here.
The snapping turtle bites you from afar!!
You die...

≈≈≈≈≈≈≈≈≈≈≈≈≈≈≈≈.....
≈≈≈≈≈≈≈≈≈≈≈≈≈≈≈≈≈≈≈.....
≈≈≈≈≈≈≈≈≈≈≈≈≈≈≈≈≈≈≈≈≈≈≈≈÷...
≈≈≈≈≈≈≈≈≈≈≈≈≈≈≈≈≈≈≈≈≈≈≈≈≈≈.##
≈≈≈≈≈≈≈≈≈≈≈≈≈≈≈≈≈≈≈≈≈≈≈≈≈≈.##
≈≈≈≈≈≈≈≈≈≈≈≈≈≈≈≈≈≈..≈≈≈......
≈≈≈≈≈≈≈≈≈≈≈≈≈≈≈≈≈≈≈≈≈≈≈......
≈≈≈≈≈≈≈≈≈≈≈≈≈≈≈≈≈≈≈≈≈≈≈≈≈≈≈≈≈
≈≈≈≈≈≈≈≈≈≈≈.@≈≈≈≈≈≈≈≈≈≈...≈≈≈
≈≈≈≈≈≈≈≈≈≈t.....≈≈≈≈≈≈≈..≈≈≈≈
≈≈≈≈≈≈≈≈≈.....≈≈≈≈≈≈≈≈.≈.≈≈≈≈
≈≈≈≈≈≈..≈≈≈≈≈≈≈≈≈≈≈≈≈≈≈≈..≈≈≈
≈≈≈≈≈≈≈≈≈≈≈≈≈≈≈≈≈≈≈≈≈≈≈≈≈≈.≈≈
≈≈≈≈≈≈≈≈≈≈≈≈≈≈≈≈≈≈≈≈≈≈≈≈≈≈≈≈≈
≈≈≈..≈≈≈≈≈≈≈≈≈≈≈≈≈≈≈≈≈≈. ≈≈
≈≈≈≈.≈≈≈≈≈≈≈≈≈≈.≈≈≈≈≈.. ≈≈
≈≈≈≈≈..≈(≈≈≈≈≈≈≈≈≈≈≈≈..


You could see a snapping turtle.

Vanquished Creatures
  Rupert (Orc:2)
  Donald (Orc:4)
  2 dire elephants (Lair:8)
  An ettin (Orc:4)
  Snorg (D:11)
  A yaktaur captain (D:15)
  Josephine (Orc:2)
  The ghost of kaze the Blocker, a journeyman GrFi of Trog (D:12)
  Harold (Lair:2)
  5 centaur warriors
  4 hydras
  An anaconda (Lair:8)
  The ghost of emiel the Covert, a journeyman SpAK of Lugonu (Orc:2)
  3 death yaks
  A tengu warrior (D:13)
  Urug (D:15)
  A deep elf knight (D:13)
  Nergalle (Orc:1)
  8 skeletal warriors
  6 sea snakes
  6 ball lightnings (D:14)
  2 hill giants
  2 unseen horrors
  3 griffons
  An ugly thing (D:14)
  5 orc knights
  14 harpies
  12 cyclopes
  2 manticores
  4 fauns (Shoals:1)
  3 sirens
  8 elephants
  An octopode (shapeshifter) (Abyss:1)
  A water nymph (Shoals:2)
  A molten gargoyle (Lair:8)
  4 black mambas
  3 kobold demonologists
  8 spiny frogs
  4 efreet
  3 yaktaurs (D:13)
  3 gargoyles
  A redback zombie (D:12)
  5 trolls
  10 komodo dragons
  9 polar bears
  10 wind drakes
  5 fire drakes
  6 merfolk
  11 slime creatures
  12 blink frogs
  3 two-headed ogres (D:15)
  2 snapping turtles (Shoals:1)
  10 air elementals (D:14)
  4 deep elf magi
  A vampire (D:14)
  A water elemental (Shoals:1)
  46 yaks
  2 trapdoor spiders
  5 wraiths
  3 basilisks
  A spriggan (D:8)
  4 deep elf fighters (D:13)
  2 wyverns (Lair:5)
  2 vampire mosquitoes (D:14)
  2 wargs
  2 nagas (Lair:6)
  A steam dragon (D:12)
  13 wolves
  A soldier ant (D:11)
  13 water moccasins
  15 hippogriffs
  14 insubstantial wisps (D:14)
  17 porcupines
  27 orc warriors
  7 sky beasts
  An eye of draining (D:15)
  3 ice beasts
  3 phantoms
  5 necrophages
  4 black bears
  3 wasps (D:11)
  20 ogres
  10 centaurs
  11 crocodiles
  3 big kobolds (D:13)
  30 giant frogs
  A wyvern zombie (D:13)
  4 scorpions
  A water moccasin skeleton (D:8)
  14 killer bees
  5 wights (D:15)
  9 crimson imps
  2 lava snakes (Lair:7)
  2 centaur zombies
  A jelly (D:8)
  Ijyb (D:2)
  7 hounds
  5 centaur skeletons
  3 giant frog skeletons
  36 orc wizards
  32 orc priests
  6 iguanas
  9 worker ants
  A killer bee zombie (D:10)
  20 sheep
  2 hound zombies
  A hound skeleton (D:5)
  8 mummies (Ossuary)
  Robin (D:2)
  23 adders
  63 river rats
  A shadow imp (D:5)
  12 white imps (Lair:7)
  3 oozes
  An adder zombie (D:8)
  A worm (D:4)
  6 giant geckos
  185 orcs
  16 bats
  6 giant cockroaches
  2 gnoll zombies (Ossuary)
  9 hobgoblins
  14 jackals
  12 kobolds
  4 quokkas
  6 giant newts
  13 goblins
  3 hobgoblin zombies (Ossuary)
  3 kobold zombies (Ossuary)
  8 rats
  A spectral orc (D:3)
  2 bushes (Lair:2)
  14 fungi
  11 plants
1082 creatures vanquished.

Vanquished Creatures (collateral kills)
  Maud (Lair:8)
  Louise (Shoals:1)
  A stone giant (Orc:4)
  2 dire elephants (Lair:8)
  An ettin (Orc:4)
  2 merfolk impalers (Shoals:2)
  5 hydras
  Erica (D:8)
  An ogre mage (D:15)
  5 death yaks
  A skeletal warrior (D:15)
  A manticore (Shoals:2)
  2 fauns (Shoals:1)
  3 griffons
  2 elephants
  A siren (Shoals:2)
  4 spiny frogs
  A yaktaur (D:13)
  3 komodo dragons
  6 fire drakes
  A kobold demonologist (D:10)
  3 trolls
  5 merfolk (Shoals:2)
  5 polar bears (IceCv)
  4 blink frogs
  6 hippogriffs
  A wraith (Orc:2)
  2 deep elf fighters (D:13)
  4 wyverns (Lair:5)
  17 yaks
  Eustachio (D:5)
  3 basilisks (Lair:5)
  Grum (D:9)
  7 wolves
  An insubstantial wisp (D:14)
  3 water moccasins
  Duvessa (D:5)
  6 orc warriors
  4 ogres
  A crocodile (Lair:8)
  2 centaurs
  A giant frog (D:4)
  3 big kobolds
  A gnoll sergeant (D:9)
  Dowan (D:5)
  A hound (D:4)
  2 orc wizards
  A worker ant zombie (D:9)
  An adder (Lair:2)
  2 gnolls (D:9)
  2 river rats (Lair:2)
  11 orcs
  A fungus (Lair:7)
149 creatures vanquished.

Vanquished Creatures (others)
  9 ball lightnings (D:14)
  An elephant (Lair:8)
  A wolf (IceCv)
  A lava snake (Lair:7)
  A worker ant (D:5)
  A worker ant zombie (D:5)
  An orc (D:15)
  48 fungi
  23 plants
  4 tentacles (Shoals:2)
  129 tentacle segments (Shoals:2)
219 creatures vanquished.

Grand Total: 1450 creatures vanquished

Notes
Turn   | Place    | Note
--------------------------------------------------------------
     0 | Abyss:1  | angZt the Demonspawn Abyssal Knight began the quest for the Orb.
     0 | Abyss:1  | Reached XP level 1. HP: 18/18 MP: 2/2
     0 | D:1      | Escaped the Abyss
   110 | D:1      | Reached * piety under Lugonu
   199 | D:1      | Gained mutation: You are partially covered in sharp spines. [demonic ancestry]
   199 | D:1      | Reached XP level 2. HP: 24/24 MP: 4/4
   237 | D:1      | Reached skill level 1 in Dodging
   339 | D:1      | Gained mutation: You have sharp fingernails. [demonic ancestry]
   339 | D:1      | Reached XP level 3. HP: 21/29 MP: 5/5
   660 | D:2      | Reached ** piety under Lugonu
   698 | D:2      | Noticed Robin
   703 | D:2      | Killed Robin
   733 | D:2      | Gained mutation: A weak demonic guardian rushes to your aid. [demonic ancestry]
   733 | D:2      | Reached XP level 4. HP: 34/37 MP: 6/6
  1192 | D:2      | Noticed Ijyb
  1200 | D:2      | Killed Ijyb
  1527 | D:3      | Gained mutation: You are mostly covered in sharp spines. [demonic ancestry]
  1527 | D:3      | Reached XP level 5. HP: 31/42 MP: 7/7
  1925 | D:3      | Reached *** piety under Lugonu
  2207 | D:3      | Found a basalt altar of Yredelemnul.
  2349 | D:3      | Reached skill level 4 in Fighting
  2654 | D:4      | Found an ancient bone altar of Kikubaaqudgha.
  2764 | D:4      | Found a blossoming altar of Fedhas.
  2834 | D:4      | Noticed an ogre
  2840 | D:4      | Gained mutation: You are completely covered in sharp spines. [demonic ancestry]
  2840 | D:4      | Reached XP level 6. HP: 45/48 MP: 8/8
  2845 | D:4      | Killed an ogre
  3120 | D:4      | Noticed an ogre
  3125 | D:4      | Killed an ogre
  3434 | D:5      | Entered Level 5 of the Dungeon
  3487 | D:5      | Found a sparkling altar of Nemelex Xobeh.
  3487 | D:5      | Noticed Duvessa
  3487 | D:5      | Noticed Dowan
  3497 | D:5      | Killed Dowan
  3497 | D:5      | Gained mutation: A demonic guardian rushes to your aid. [demonic ancestry]
  3497 | D:5      | Reached XP level 7. HP: 27/54 MP: 9/9
  3504 | D:5      | Killed Duvessa
  3689 | D:5      | Reached skill level 1 in Shields
  3797 | D:5      | Found a sand-covered staircase.
  3797 | D:5      | Noticed Eustachio
  3802 | D:5      | Killed Eustachio
  3802 | D:5      | Reached skill level 1 in Stealth
  3826 | Ossuary  | Entered an ossuary
  3860 | Ossuary  | Reached **** piety under Lugonu
  4367 | D:5      | Found a shadowy altar of Dithmenos.
  4616 | D:5      | Found a stormy altar of Qazlal.
  4702 | D:5      | Found an opulent altar of Gozag.
  4702 | D:5      | Found a glowing silver altar of Zin.
  4910 | D:6      | Found Yvyod's Antique Armour Boutique.
  4950 | D:6      | Found Gydetam's Antique Weapon Shop.
  4958 | D:6      | Bought a blackened short sword for 128 gold pieces
  4958 | D:6      | Identified the +1 short sword "Helun" {freeze, rC+} (You bought it in a shop on level 6 of the Dungeon)
  5094 | D:6      | Reached XP level 8. HP: 59/61 MP: 10/10
  5219 | D:6      | Found Badiar's Book Shop.
  5365 | D:6      | Found Hojosk's Distillery.
  5520 | D:7      | Reached skill level 5 in Dodging
  5972 | D:7      | Reached skill level 1 in Short Blades
  6157 | D:7      | Found a staircase to the Ecumenical Temple.
  6189 | D:7      | Reached skill level 5 in Fighting
  6386 | D:7      | Reached skill level 5 in Armour
  6444 | D:8      | Found a white marble altar of Elyvilon.
  6763 | D:8      | Reached skill level 6 in Dodging
  6763 | D:8      | Reached XP level 9. HP: 61/68 MP: 11/11
  6784 | D:8      | Found a glowing golden altar of the Shining One.
  7808 | D:8      | Noticed Erica
  7816 | D:8      | Killed Erica
  7816 | D:8      | Reached skill level 7 in Dodging
  8317 | D:9      | Noticed Grum
  8320 | D:9      | Reached skill level 1 in Throwing
  8330 | D:9      | Killed Grum
  8596 | D:9      | Found a shadowy altar of Dithmenos.
  8636 | D:9      | Gained mutation: You have a pair of small horns on your head. [demonic ancestry]
  8636 | D:9      | Reached XP level 10. HP: 61/76 MP: 13/13
  8719 | D:9      | Identified 2 scrolls of acquirement
  8911 | D:9      | Reached skill level 8 in Dodging
  9111 | D:9      | Found a staircase to the Orcish Mines.
  9118 | D:9      | Reached ***** piety under Lugonu
  9523 | D:10     | Entered Level 10 of the Dungeon
  9534 | D:10     | Reached skill level 5 in Shields
  9548 | D:10     | Found a staircase to the Lair.
  9686 | D:10     | Found Ostiesor's General Store.
  9751 | D:10     | Reached skill level 9 in Dodging
 10049 | D:10     | Found Vuggi's Book Boutique.
 10422 | D:10     | Noticed a sun demon
 10555 | Lair:1   | Entered Level 1 of the Lair of Beasts
 10656 | D:10     | Bought a book of Flames for 455 gold pieces
 10661 | D:10     | Learned a level 1 spell: Flame Tongue
 11242 | Lair:1   | Gained mutation: You have a pair of horns on your head. [demonic ancestry]
 11242 | Lair:1   | Reached XP level 11. HP: 78/81 MP: 14/14
 11539 | Lair:1   | Noticed a griffon
 11545 | Lair:1   | Killed a griffon
 12134 | Lair:2   | Reached skill level 10 in Dodging
 12222 | Lair:2   | Reached ****** piety under Lugonu
 12931 | Lair:2   | Noticed Harold
 12943 | Lair:2   | Killed Harold
 13394 | Lair:3   | Noticed a six-headed hydra
 13399 | Lair:3   | Killed a six-headed hydra
 13402 | Lair:3   | Noticed a six-headed hydra
 13411 | Lair:3   | Killed a six-headed hydra
 13623 | Lair:3   | Found a snail-covered altar of Cheibriados.
 14202 | Lair:4   | Reached XP level 12. HP: 91/91 MP: 15/15
 14367 | Lair:4   | Noticed a death yak
 14367 | Lair:4   | Noticed a death yak
 14368 | Lair:4   | Noticed a death yak
 14369 | Lair:4   | Noticed a death yak
 14383 | Lair:4   | Killed a death yak
 14389 | Lair:4   | You fall through a shaft!
 14419 | Lair:5   | Reached skill level 11 in Dodging
 14505 | Lair:5   | Reached skill level 5 in Stealth
 14663 | Lair:5   | You fall through a shaft for 2 floors!
 14701 | Lair:7   | Reached skill level 5 in Short Blades
 14876 | Lair:7   | Found a staircase to the Slime Pits.
 15035 | Lair:7   | Found a frozen archway.
 15065 | IceCv    | Entered an ice cave
 15431 | IceCv    | Noticed a frost giant
 15531 | IceCv    | Banished a frost giant
 15586 | IceCv    | Reached skill level 1 in Conjurations
 16142 | Lair:7   | Gained mutation: You have sharp toenails. [potion of beneficial mutation]
 16245 | Lair:7   | Reached skill level 12 in Dodging
 16352 | Lair:7   | Reached XP level 13. HP: 99/99 MP: 16/16
 16697 | Lair:6   | Found a staircase to the Shoals.
 16815 | Lair:6   | Found a staircase to the Snake Pit.
 17148 | Lair:6   | Reached skill level 1 in Polearms
 17402 | Lair:6   | Reached skill level 1 in Evocations
 17915 | Lair:5   | Noticed a five-headed hydra
 17937 | Lair:5   | Killed a five-headed hydra
 18414 | Lair:4   | Killed a death yak
 18421 | Lair:4   | Killed a death yak
 18424 | Lair:4   | Killed a death yak
 18935 | Lair:3   | Noticed a five-headed hydra
 18942 | Lair:3   | Killed a five-headed hydra
 19196 | Lair:7   | Reached skill level 13 in Dodging
 19216 | Lair:8   | Entered Level 8 of the Lair of Beasts
 19499 | Lair:8   | Noticed Maud
 19521 | Lair:8   | Reached skill level 10 in Shields
 19647 | Lair:8   | Killed Maud
 20292 | Lair:8   | Gained mutation: You have very sharp fingernails. [demonic ancestry]
 20292 | Lair:8   | Reached XP level 14. HP: 108/108 MP: 17/17
 20324 | Lair:8   | Got a translucent chain mail
 21524 | Lair:2   | You fall through a shaft for 2 floors!
 21643 | Lair:1   | Learned a level 1 spell: Beastly Appendage
 21664 | Lair:1   | Identified the +2 chain mail of the Purple Skies {*Corrode +Blink rElec Str+2} (You found it on level 8 of the Lair of Beasts)
 21865 | Orc:1    | Entered Level 1 of the Orcish Mines
 21886 | Orc:1    | Noticed Nergalle
 21936 | Orc:1    | Killed Nergalle
 22098 | Orc:1    | Found a roughly hewn altar of Beogh.
 22315 | Orc:1    | Found a roughly hewn altar of Beogh.
 22835 | Orc:2    | Noticed Josephine
 22841 | Orc:2    | Killed Josephine
 23048 | Orc:2    | Noticed Rupert
 23087 | Orc:2    | Killed Rupert
 23213 | Orc:2    | Noticed emiel's ghost (journeyman SpAK)
 23237 | Orc:2    | Killed emiel's ghost
 23237 | Orc:2    | Reached skill level 5 in Polearms
 23351 | Orc:2    | Found a roughly hewn altar of Beogh.
 24577 | Orc:4    | Entered Level 4 of the Orcish Mines
 24996 | Orc:4    | Noticed Donald
 25011 | Orc:4    | Found Hoss's Book Boutique.
 25185 | Orc:4    | Reached skill level 5 in Throwing
 25215 | Orc:4    | Killed Donald
 25565 | Orc:3    | Reached skill level 5 in Invocations
 25934 | Orc:3    | Found a staircase to the Elven Halls.
 26018 | Orc:4    | Found Surah's General Store.
 26143 | Orc:4    | Reached skill level 10 in Fighting
 26265 | Orc:4    | Found Jiufae's Antique Weapon Boutique.
 26312 | Orc:4    | Found Ypseufebb's Antique Armour Emporium.
 26403 | Orc:4    | Bought a twisted ring mail for 243 gold pieces
 26470 | Orc:4    | Identified the cursed +0 ring mail of a Thousand Seas {-Tele rPois Str+7} (You bought it in a shop on level 4 of the Orcish Mines)
 27191 | D:11     | Noticed Snorg
 27208 | D:11     | Killed Snorg
 27756 | D:11     | Gained mutation: You have a pair of large horns on your head. [demonic ancestry]
 27756 | D:11     | Reached XP level 15. HP: 115/115 MP: 18/18
 29244 | D:12     | Noticed kaze's ghost (journeyman GrFi)
 29275 | D:12     | Killed kaze's ghost
 29275 | D:12     | Reached skill level 14 in Dodging
 29963 | D:13     | Found a portal to a secret trove of treasure.
 30160 | D:13     | Found an iron altar of Okawaru.
 31012 | D:13     | Found a gate to the Vaults.
 31314 | D:13     | Escaped the Abyss
 31810 | D:13     | Got a dazzling battleaxe
 31954 | D:13     | Identified the +7 battleaxe "Siynat" {venom, *Rage rElec rC+} (You found it on level 13 of the Dungeon)
 33461 | D:14     | Reached skill level 5 in Axes
 33787 | D:15     | Entered Level 15 of the Dungeon
 34075 | D:15     | Noticed Urug
 34091 | D:15     | Killed Urug
 34341 | D:15     | Found a staircase to the Depths.
 34420 | D:15     | Escaped the Abyss
 34448 | D:15     | Lost mutation: You have sharp toenails. [demonic ancestry]
 34448 | D:15     | Gained mutation: You have large cloven feet. [demonic ancestry]
 34448 | D:15     | Reached XP level 16. HP: 40/124 MP: 15/20
 34782 | D:15     | Found Istral's Antique Weapon Emporium.
 35671 | Lair:1   | Learned a level 1 spell: Sting
 35881 | Shoals:1 | Entered Level 1 of the Shoals
 37302 | Shoals:1 | Noticed Louise
 37307 | Shoals:1 | Killed Louise
 38891 | Shoals:2 | Slain by a snapping turtle

Action                   |  1- 3 |  4- 6 |  7- 9 | 10-12 | 13-15 | 16-18 || total
-------------------------+-------+-------+-------+-------+-------+-------++-------
Melee: Hand axe          |    75 |    73 |    69 |       |       |       ||   217
       Short sword       |       |       |   176 |  1047 |   385 |       ||  1608
       Demon trident     |       |       |       |       |  1212 |       ||  1212
       Halberd           |       |       |       |       |    12 |       ||    12
       Battleaxe         |       |       |       |       |   197 |   188 ||   385
Throw: Javelin           |       |       |    10 |    20 |       |       ||    30
       Tomahawk          |       |       |       |    49 |   217 |    25 ||   291
 Cast: Flame Tongue      |       |       |       |     1 |       |       ||     1
Invok: Depart the Abyss  |     1 |       |       |       |     2 |       ||     3
       Banish            |       |       |     1 |     1 |     4 |     4 ||    10
       Bend Space        |       |       |     1 |       |    31 |       ||    32
       Enter the Abyss   |       |       |       |       |     2 |       ||     2
Evoke: Wand              |       |       |       |     4 |     8 |     2 ||    14
  Use: Scroll            |       |     9 |     5 |    15 |    15 |     4 ||    48
       Potion            |       |     4 |     8 |     7 |     8 |     2 ||    29
 Stab: Distracted        |       |     1 |       |     3 |     3 |     1 ||     8
       Sleeping          |       |       |     3 |     7 |     9 |     1 ||    20
  Eat: Pizza             |       |     1 |       |       |     2 |     2 ||     5
       Chunk             |       |     4 |     7 |    18 |    33 |     7 ||    69
       Meat ration       |       |     1 |       |     2 |     9 |     1 ||    13
       Fruit             |       |       |     4 |     1 |     4 |       ||     9
       Bread ration      |       |       |     1 |     1 |       |     1 ||     3
       Beef jerky        |       |       |       |       |     2 |       ||     2
